 Dungeon Crawl Stone Soup version 0.22.1-6-g1668fe2 (webtiles) character file.

224 greenice the Slasher (level 5, -6/45 HPs)
             Began as a Minotaur Fighter on Jan 18, 2019.
             Killed by divine providence
             ... invoked by an orc priest
              (17 damage)
             ... on level 3 of the Dungeon.
             The game lasted 00:04:35 (2276 turns).

greenice the Slasher (Minotaur Fighter)             Turns: 2276, Time: 00:04:35

Health: -6/45      AC:  8    Str: 20    XL:     5   Next: 67%
Magic:  4/4        EV:  7    Int:  5    God:
Gold:   127        SH:  9    Dex: 11    Spells: 4/4 levels left

rFire    . . .     SeeInvis .   a - +0 long sword
rCold    . . .     Gourm    .   c - +0 shield
rNeg     . . .     Faith    .   b - +0 scale mail
rPois    .         Spirit   .   (helmet restricted)
rElec    .         Reflect  .   (no cloak)
rCorr    .         Harm     .   g - +0 pair of gloves
MR       .....                  (no boots)
Stlth    ..........             (no amulet)
HPRegen  0.15/turn              e - ring of attention (curse)
MPRegen  0.09/turn              (no ring)

@: no status effects
A: retaliatory headbutt, horns 2
a: no special abilities


You were on level 3 of the Dungeon.
You were hungry.

You visited 1 branch of the dungeon, and saw 3 of its levels.

You collected 127 gold pieces.

Inventory:

Hand Weapons
 a - a +0 long sword (weapon)
Missiles
 o - 5 curare-tipped needles (quivered)
Armour
 b - a +0 scale mail (worn)
 c - a +0 shield (worn)
 g - a +0 pair of gloves (worn)
Jewellery
 e - a cursed ring of attention (left hand)
Scrolls
 i - a scroll of enchant armour {unknown}
 j - a scroll of remove curse {unknown}
 k - a scroll of immolation {unknown}
 m - a scroll of noise {unknown}
 p - a scroll of identify {unknown}
 q - a scroll of amnesia {unknown}
Potions
 d - a potion of might
 h - 2 potions of curing {unknown}
 l - a potion of heal wounds {unknown}
Comestibles
 f - 2 rations


   Skills:
 - Level 3.6 Fighting
 + Level 7.3 Long Blades
 - Level 3.6 Armour
 - Level 3.6 Shields


You had 4 spell levels left.
You didn't know any spells.
Your spell library was empty.

Dungeon Overview and Level Annotations

Branches:
Dungeon (3/15)

Altars:


Innate Abilities, Weirdness & Mutations

You reflexively headbutt those who attack you in melee.
You have a pair of horns on your head.


Message History

Pain shoots through your body!
* * * LOW HITPOINT WARNING * * *
You barely miss the orc priest.
The orc priest is severely wounded.
The orc priest hits you but does no damage. x2
You completely miss the orc priest.
The orc priest is severely wounded.
The orc priest hits you but does no damage.
You hit the orc priest.
The orc priest is almost dead.
The orc priest hits you but does no damage.
You barely miss the orc priest.
You headbutt the orc priest, but do no damage.
The orc priest is almost dead.
The orc priest hits you but does no damage.
Your shield prevents you from hitting the orc priest.
The orc priest is almost dead.
The orc priest invokes the aid of Beogh against you.
Beogh smites you!
You die...

#..#.# ###...# ##..#.###
#.# ...##...###.#.# ...
#...## .# ### #...#...##.#
###).# .# #.()#....#
##.###.# #####)#..>..##
#.((... ............#
###(..# ≈≈≈.≈≈≈≈≈..##
#....# ≈≈≈≈.≈≈≈≈≈..# #.
#....# ≈≈≈≈.≈≈≈≈≈@.#
####.###..#<# ≈≈≈≈.≈≈≈≈o..#
...#.#...)#.#
≈≈≈≈...........#.....#..#.#
.....≈≈≈≈.#..###...###)#.#
≈≈≈≈.≈≈≈≈.#...#.....#..#..
≈≈≈.≈≈≈≈.#...........####
≈≈.≈≈≈≈.#.##.#...#.##
≈≈.≈≈≈≈.# .........##
.#.....#..###


You could see an orc priest.

Vanquished Creatures
  3 orc wizards (D:3)
  Jessica (D:3)
  3 adders (D:3)
  A worm (D:2)
  4 dart slugs
  4 leopard geckos
  7 orcs (D:3)
  4 bats
  4 giant cockroaches
  6 goblins
  5 hobgoblins
  6 jackals
  A quokka (D:3)
  3 frilled lizards (D:2)
  9 kobolds
  7 rats
68 creatures vanquished.

Notes
Turn   | Place    | Note
-------+----------+-------------------------------------------
     0 | D:1      | greenice the Minotaur Fighter began the quest for the Orb.
     0 | D:1      | Reached XP level 1. HP: 19/19 MP: 0/0
    97 | D:1      | Reached skill level 3 in Long Blades
   104 | D:1      | Reached XP level 2. HP: 26/26 MP: 1/1
   284 | D:1      | Reached skill level 4 in Long Blades
   890 | D:2      | Reached XP level 3. HP: 31/31 MP: 2/2
  1659 | D:2      | Reached skill level 5 in Long Blades
  1808 | D:3      | Reached XP level 4. HP: 32/39 MP: 3/3
  1854 | D:3      | Reached skill level 6 in Long Blades
  1976 | D:3      | Reached XP level 5. HP: 45/45 MP: 4/4
  2089 | D:3      | Noticed Jessica
  2109 | D:3      | Killed Jessica
  2109 | D:3      | Reached skill level 7 in Long Blades
  2276 | D:3      | Killed from afar by an orc priest

Skill      XL: |  1  2  3  4  5 |
---------------+----------------+-----
Long Blades    | 3 4 5 6 7 |  7.3
Fighting       | |  3.6
Armour         | |  3.6
Shields        | |  3.6

Action                   |  1- 3 |  4- 6 || total
-------------------------+-------+-------++-------
Melee: Long sword        |   105 |    72 ||   177
       Headbutt          |    10 |    14 ||    24
  Eat: Chunk             |     2 |     2 ||     4
Armor: Scale mail        |    51 |    36 ||    87
Dodge: Dodged            |    25 |    16 ||    41
Block: Shield            |    52 |    38 ||    90
       Rpst.: Long sword |     8 |     3 ||    11
